 Dungeon Crawl Stone Soup version 0.20-a0-1124-g2e29d97 (webtiles) character file.

268 Hook the Insei (level 6, 0/46 HPs)
             Began as a Merfolk Transmuter on May 15, 2017.
             Slain by an orc priest
             ... wielding a +0 hand axe
              (1 damage)
             ... on level 4 of the Dungeon.
             The game lasted 00:22:47 (4603 turns).

Hook the Insei (Merfolk Transmuter)                 Turns: 4603, Time: 00:22:48

Health: 0/46       AC:  5    Str: 10    XL:     6   Next: 21%
Magic:  0/9        EV: 14    Int: 14    God:
Gold:   181        SH:  0    Dex: 15    Spells: 3/9 levels left

rFire    . . .     SeeInvis .     - Unarmed
rCold    . . .     Gourm    .   (no shield)
rNeg     . . .     Faith    .   f - +0 leather armour
rPois    .         Spirit   +   (no helmet)
rElec    .         Reflect  .   p - +0 cloak
rCorr    .         Harm     .   t - +0 pair of gloves
MR       .....                  (no boots)
Stlth    +.........             n - amulet of guardian spirit
Regen    0.2/turn               h - ring of wizardry
MPRegen  0.2/turn               (no ring)

@: appendage
A: change form in water, swift swim, stealthy swim, horns 2
a: End Transformation


You were on level 4 of the Dungeon.
You were not hungry.
You had grown temporary horns.
You visited 1 branch of the dungeon, and saw 4 of its levels.

You collected 181 gold pieces.

Inventory:

Hand Weapons
 o - a +1 dagger
Missiles
 a - 42 arrows
 k - 96 stones (quivered)
Armour
 b - a +0 robe
 f - a +0 leather armour (worn)
 p - a +0 cloak (worn)
 t - a +0 pair of gloves (worn)
Jewellery
 h - a ring of wizardry (left hand)
 n - an amulet of guardian spirit (around neck)
 u - a +2 ring of dexterity {unknown}
Scrolls
 m - a scroll of remove curse
 x - a scroll of teleportation
Potions
 e - a potion of might {unknown}
 g - a potion of ambrosia {unknown}
 i - 3 potions of curing {unknown}
 j - 3 potions of lignification {unknown}
 l - a potion of resistance {unknown}
 s - a potion of brilliance {unknown}
 v - 2 potions of haste {unknown}
Books
 c - a book of Changes

   Spells                             Type                      Level
   a - Beastly Appendage              Transmutation                1
   b - Sticks to Snakes               Transmutation                2
   c - Spider Form                    Transmutation/Poison         3
   d - Ice Form                       Ice/Transmutation            4
   e - Blade Hands                    Transmutation                5
Comestibles
 d - 4 bread rations
 q - a fruit
 r - a meat ration


   Skills:
 + Level 2.5 Fighting
 * Level 4.2 Dodging
 * Level 5.1 Unarmed Combat
 + Level 2.4 Spellcasting
 + Level 3.7 Transmutations
 * Level 2.0 Poison Magic


You had 3 spell levels left.
You knew the following spells:

 Your Spells              Type           Power        Failure   Level  Hunger
a - Beastly Appendage     Tmut           ##....       2%          1    #......
b - Sticks to Snakes      Tmut           ##......     4%          2    ###....
c - Spider Form           Tmut/Pois      #.........   12%         3    ###....


Dungeon Overview and Level Annotations

Branches:
Dungeon (4/15)
 Temple: D:4-7

Altars:
Trog

Annotations:
D:4 Natasha


Innate Abilities, Weirdness & Mutations

You revert to your normal form in water.
You are very nimble and swift while swimming.
You are very stealthy in the water. (Stealth+)
You have a pair of horns on your head.


Message History

The orc priest barely misses you.
You hit the orc priest but do no damage.
The orc priest is moderately wounded.
The orc priest hits you with a hand axe.
You punch the orc priest!
You punch the orc priest, but do no damage.
The orc priest is severely wounded.
The orc priest calls down the wrath of Beogh upon you.
Beogh smites you!
* * * LOW HITPOINT WARNING * * *
Casting: Sticks to Snakes
Confirm with . or Enter, or press ? or * to list all spells.
You grow a pair of large bovine horns.
The orc priest hits you with a hand axe!
* * * LOW HITPOINT WARNING * * *
You barely miss the orc priest.
You headbutt the orc priest, but do no damage.
The orc priest is severely wounded.
The orc priest hits you with a hand axe.
You die...

. ....# #.##
#..##...##...# ..
#..#........## #.#
#............
#(.##....<.......
.................
................#
##....o.####[..
#.(..@......#..
#..###...<#.....##
.
.......<..#....##
.........##....#
.?####........##
#....>....
##.##...... ..#
#...... ..#[ ....


You could see an orc priest.

Vanquished Creatures
  An orc priest (D:3)
  2 orc wizards (D:3)
  Robin (D:1)
  3 gnolls (D:3)
  2 adders (D:2)
  4 worms
  3 dart slugs
  3 leopard geckos
  10 orcs (D:3)
  A ball python (D:3)
  3 giant cockroaches
  14 goblins
  9 hobgoblins
  5 jackals
  7 kobolds
  2 quokkas (D:3)
  3 bats
  4 frilled lizards
  8 rats
85 creatures vanquished.

Vanquished Creatures (collateral kills)
  A gnoll (D:3)
  2 goblins (D:1)
  2 hobgoblins
  2 jackals (D:1)
  2 bats (D:2)
9 creatures vanquished.

Grand Total: 94 creatures vanquished

Notes
Turn   | Place    | Note
-------+----------+-------------------------------------------
     0 | D:1      | Hook the Merfolk Transmuter began the quest for the Orb.
     0 | D:1      | Reached XP level 1. HP: 15/15 MP: 3/3
   229 | D:1      | Reached XP level 2. HP: 17/21 MP: 5/5
   233 | D:1      | Learned a level 2 spell: Sticks to Snakes
   728 | D:1      | Reached XP level 3. HP: 24/26 MP: 6/6
  1151 | D:2      | Noticed Robin
  1189 | D:1      | Killed Robin
  1189 | D:1      | Reached skill level 4 in Unarmed Combat
  1479 | D:2      | Reached XP level 4. HP: 31/33 MP: 7/7
  1744 | D:2      | Found a bloodstained altar of Trog.
  1891 | D:2      | Learned a level 3 spell: Spider Form
  2441 | D:3      | Reached skill level 1 in Poison Magic
  2441 | D:3      | Reached XP level 5. HP: 24/38 MP: 5/8
  3904 | D:4      | Noticed a phantom
  4102 | D:4      | Noticed Natasha
  4397 | D:3      | Reached skill level 5 in Unarmed Combat
  4397 | D:3      | Reached XP level 6. HP: 21/46 MP: 4/9
  4602 | D:4      | HP: 1/46 [orc priest/hand axe (7)]
  4603 | D:4      | Slain by an orc priest

Vault maps used:
D:1:      roderic_dead_forest
D:2:      bloody_trog, first_bread, minmay_tripent, uniq_robin
D:3:      minmay_misc_feat_rows, minmay_misc_feat_tiny
D:4:      marbit_many_paths, temple_statues, serial_shops, shop_fountains,
          fedhas_altar_1, uniq_natasha, uniq_menkaure, uniq_blork_the_orc

Skill      XL: |  1  2  3  4  5  6 |
---------------+-------------------+-----
Dodging        | 3 4 |  4.2
Transmutations | 3 |  3.7
Unarmed Combat | 4 5 |  5.1
Fighting       | 2 |  2.5
Poison Magic   | 1 2 |  2.0
Spellcasting   | |  2.4

Action                   |  1- 3 |  4- 6 || total
-------------------------+-------+-------++-------
Melee: Unarmed           |   124 |   213 ||   337
       Punch             |     2 |     8 ||    10
       Headbutt          |     8 |    12 ||    20
Throw: Stone             |     3 |    16 ||    19
 Cast: Beastly Appendage |     7 |    14 ||    21
       Sticks to Snakes  |     4 |    15 ||    19
       Spider Form       |       |     3 ||     3
  Use: Scroll            |     1 |     5 ||     6
 Stab: Sleeping          |     1 |     1 ||     2
       Distracted        |     1 |       ||     1
  Eat: Chunk             |     2 |    11 ||    13
       Fruit             |       |     2 ||     2
Armor: Leather armour    |    21 |    45 ||    66
Dodge: Dodged            |    98 |   143 ||   241
